 Dungeon Crawl Stone Soup version 0.18-b1-10-g3f7de93 (webtiles) character file.

172672 shmeve the Severer (level 17, 0/241 HPs)
             Began as a Minotaur Berserker on Apr 29, 2016.
             Was the Champion of Trog.
             Slain by Mara
             ... wielding a +3 demon whip of pain
              (7 damage)
             ... on level 4 of the Spider Nest.
             The game lasted 01:21:17 (27025 turns).

shmeve the Severer (Minotaur Berserker)            Turns: 27025, Time: 01:21:17

Health: 0/241      AC: 31    Str: 27      XL:     17   Next: 41%
Magic:  5/25       EV: 11    Int:  9      God:    Trog [******]
Gold:   3199       SH: 18    Dex: 15 (16) Spells: 0 memorised, 16 levels left

rFire  . . .     SeeInvis .     E - +12 war axe "Ompicunn" {freeze, MP+9 Str-5 Int+4}
rCold  . . .     Gourm    .     e - +2 crystal plate armour
rNeg   . . .     Faith    .     j - +0 shield
rPois  +         Spirit   .     (helmet restricted)
rElec  .         Dismiss  .     Z - +2 cloak {rPois}
rCorr  .         Reflect  +     L - +0 pair of gloves
SustAt .         Harm     .     r - +0 pair of boots
MR     +....                    J - +3 amulet of reflection
Stlth  ..........               B - +4 ring of slaying
                                f - +5 ring of dexterity

@: berserking (expiring), very quick, somewhat resistant to hostile
enchantments, extremely unstealthy
A: retaliatory headbutt, horns 2
a: Berserk, Trog's Hand, Brothers in Arms, Burn Spellbooks, Renounce Religion


You were on level 4 of the Spider Nest.
You worshipped Trog.
Trog was exalted by your worship.
You were hungry.

You visited 5 branches of the dungeon, and saw 30 of its levels.

You collected 3199 gold pieces.

Inventory:

Hand Weapons
 E - the +12 war axe "Ompicunn" (weapon) {freeze, MP+9 Str-5 Int+4}
   (You found it on level 8 of the Dungeon)

   It has been specially enchanted to freeze those struck by it, causing extra
   injury to most foes and up to half again as much damage against particularly
   susceptible opponents.
   It can also slow down cold-blooded creatures.
   It affects your strength (-5).
   It affects your intelligence (+4).
   It affects your magic capacity (+9).
Missiles
 g - 4 javelins of returning (quivered)
 H - 12 javelins of penetration
Armour
 e - a +2 crystal plate armour (worn)
 j - a +0 shield (worn)
 r - a +0 pair of boots (worn)
 L - a +0 pair of gloves (worn)
 Z - a +2 cloak of poison resistance (worn)
Jewellery
 f - a +5 ring of dexterity (left hand)
 B - a +4 ring of slaying (right hand)
 J - a +3 amulet of reflection (around neck)
 M - a +4 ring of evasion {unknown}
Wands
 a - a wand of digging (23/24)
 u - a wand of digging (5/24)
 y - a wand of lightning (6/15)
 D - a wand of heal wounds (7/9)
 G - a wand of flame (24/48)
 R - a wand of teleportation (3/9)
Scrolls
 d - 7 scrolls of recharging
 h - 6 scrolls of blinking
 l - 8 scrolls of teleportation
 o - 2 scrolls of fog
 A - a scroll of holy word
 C - 2 scrolls of fear
 N - 8 scrolls of remove curse
 O - 3 scrolls of enchant weapon
 Q - a scroll of magic mapping
 T - 2 scrolls of silence {unknown}
 V - 12 scrolls of identify
Potions
 m - 5 potions of agility
 n - 9 potions of curing
 s - 2 potions of heal wounds
 t - 2 potions of invisibility
 v - 3 potions of brilliance
 w - 2 potions of haste
 x - 6 potions of flight
 z - 6 potions of might
 F - 4 potions of cancellation
 I - a potion of ambrosia
 K - a potion of resistance {unknown}
 P - a potion of cure mutation {unknown}
 S - 2 potions of magic
Comestibles
 b - 11 meat rations
 c - 17 bread rations
 i - 3 slices of pizza
 k - 6 beef jerkies
 p - 16 fruits
 q - a royal jelly


   Skills:
 * Level 17.2 Fighting
 * Level 18.0 Axes
 + Level 11.1 Throwing
 + Level 13.2 Armour
 + Level 11.9 Dodging
 * Level 16.9 Shields


You had 16 spell levels left.
You didn't know any spells.

Dungeon Overview and Level Annotations

Branches:
Dungeon (15/15)            Temple (1/1) D:7            Lair (8/8) D:10
 Shoals (0/4) Lair:4       Spider (4/4) Lair:3        Slime (0/6) Lair:8
    Orc (2/2) D:11            Elf (0/3) Orc:2        Vaults (0/5) D:14
 Depths (0/5) D:15

Altars:
Cheibriados
Dithmenos
Elyvilon
Fedhas
Gozag
Kikubaaqudgha
Makhleb
Nemelex Xobeh
Okawaru
Pakellas
Qazlal
Ru
Sif Muna
Trog
Vehumet
Yredelemnul
Zin
The Shining One
Beogh
Jiyva

Shops:
D:9 *   D:11 %   D:13 }   Orc:1 *   Orc:2 (%(%

Portals:
Trove: D:11 (give +3 fire dragon armour)

Annotations:
Spider:4 Mara


Innate Abilities, Weirdness & Mutations

You reflexively headbutt those who attack you in melee.
You have a pair of horns on your head.


Message History

Mara is moderately wounded.
You barely miss shmeve's illusion.
Shmeve's illusion is lightly wounded.
Shmeve's illusion hits you!
* * * LOW HITPOINT WARNING * * *
Shmeve's illusion freezes you.
* * * LOW HITPOINT WARNING * * *
Mara gestures at you. The bolt of fire hits you!
* * * LOW HITPOINT WARNING * * *
You hit Mara. You freeze Mara. You headbutt Mara!
Mara is lightly wounded.
You slash Mara! You freeze Mara.
Mara is moderately wounded.
You slash shmeve's illusion! You freeze shmeve's illusion.
Shmeve's illusion is lightly wounded.
Mara hits you with a demon whip of pain!
* * * LOW HITPOINT WARNING * * *
You writhe in agony.
You die...

^...##..##^##......^...##.####
#####.†....#...#####..## ...
.#).#..###.. .^#.... #...
.|..^.##...#..## ..#..... ...#
....^....†.##..##..#....# ..##
......#..#..##..#..#..^##^
^..#.##..#......#..#..!..
^#####...##.....RR##.§.# .
###########@##...##..
#.§@^†^^.≈s.# #.##.†...#≈. ..s
##.§.....≈ ..^ ..^..#..^ s..R.
...#...^#. ≈≈≈≈ ≈≈≈[.#..#^.
≈≈≈≈ ≈≈≈≈.. ..# . ≈≈≈≈≈≈≈. ..


You could see 3 Maras, 2 orb spiders, a jumping spider and shmeve's illusion.

Vanquished Creatures
  Norris (Spider:4)
  Arachne (Spider:3)
  Agnes (D:14)
  Frances (Spider:2)
  Kirke (Spider:4)
  Donald (Spider:1)
  2 ghost moths
  3 emperor scorpions
  3 spark wasps
  Azrael (Spider:2)
  Snorg (Lair:8)
  5 vault guards (D:14)
  An entropy weaver (Spider:3)
  2 fire dragons (Lair:8)
  A yaktaur captain (D:15)
  11 hydras
  Fannar (Lair:1)
  Erica (D:9)
  An ice dragon (Lair:8)
  8 centaur warriors
  An ogre mage (D:14)
  11 death yaks
  A tengu warrior (D:13)
  The ghost of konakona the Basher, a novice OgBe of Trog (D:8)
  7 orc high priests (Orc:2)
  A deep elf knight (D:14)
  Sonja (Lair:3)
  3 wizards
  An unseen horror (D:10)
  2 lindwurms (Lair:8)
  7 hill giants
  2 orc knights
  3 orb spiders
  28 wolf spiders
  3 griffons
  3 deep elf magi
  3 hornets
  8 cyclopes
  9 ugly things
  2 manticores (D:15)
  20 elephants
  2 moths of wrath
  3 sirens (Lair:4)
  6 black mambas
  2 gargoyles (D:14)
  13 spiny frogs
  8 torpor snails
  4 rime drakes
  A yaktaur (D:15)
  An efreet (D:14)
  9 demonic crawlers
  12 komodo dragons
  A freezing wraith (D:15)
  3 kobold demonologists (D:15)
  18 jumping spiders
  9 trolls
  10 giant leeches
  4 polar bears (Lair:3)
  A two-headed ogre (shapeshifter) (D:13)
  A merfolk (Lair:4)
  23 blink frogs
  5 slime creatures (D:11)
  4 two-headed ogres
  5 boulder beetles
  A hornet zombie (D:15)
  23 tarantellas
  A shadow (D:11)
  58 redbacks
  A wraith (D:14)
  53 yaks
  2 hogs (Spider:4)
  6 wyverns
  3 fire elementals (Spider:2)
  2 humans (D:7)
  2 steam dragons (Lair:8)
  14 hippogriffs
  5 basilisks
  A hungry ghost (D:11)
  8 wargs (Orc:2)
  A mottled dragon (Lair:8)
  A soldier ant (D:9)
  6 hell hounds
  16 water moccasins
  12 orc warriors
  6 porcupines
  2 swamp drakes (Lair:8)
  An eye of draining (D:15)
  6 wasps
  3 phantoms
  6 black bears
  A necrophage (D:10)
  3 sky beasts
  11 wolves
  14 ogres
  16 centaurs
  21 crocodiles
  6 big kobolds
  12 giant frogs
  A gnoll sergeant (D:5)
  3 scorpions
  13 killer bees
  2 electric eels
  5 howler monkeys
  6 crimson imps
  3 jellies
  2 quasits
  A giant frog zombie (D:13)
  4 hounds
  6 two-headed ogre zombies (Orc:1)
  34 orc priests
  5 centaur skeletons
  3 giant frog skeletons
  13 iguanas
  20 orc wizards
  7 worker ants
  25 sheep
  A killer bee zombie (D:11)
  A hound zombie (D:9)
  A howler monkey zombie (D:11)
  10 gnolls
  9 adders
  71 river rats
  5 shadow imps
  19 worms
  A dart slug (D:1)
  4 giant geckos
  80 orcs
  3 giant cockroaches
  5 hobgoblins
  13 jackals
  27 kobolds
  8 quokkas
  7 bats
  2 giant newts
  6 goblins
  3 rats
  12 fungi
  11 plants
1085 creatures vanquished.

Vanquished Creatures (collateral kills)
  A griffon (Lair:8)
  A wyvern (Lair:8)
  A hippogriff (Lair:8)
  A hell hound (Lair:8)
4 creatures vanquished.

Vanquished Creatures (others)
  A wolf spider (Spider:2)
  2 humans (Spider:4)
  2 centaurs (D:13)
  2 fungi
  15 plants
22 creatures vanquished.

Grand Total: 1111 creatures vanquished

Notes
Turn   | Place    | Note
--------------------------------------------------------------
     0 | D:1      | shmeve the Minotaur Berserker began the quest for the Orb.
     0 | D:1      | Reached XP level 1. HP: 19/19 MP: 0/0
   286 | D:1      | Reached XP level 2. HP: 27/27 MP: 1/1
   362 | D:1      | Reached skill level 4 in Axes
   702 | D:2      | Reached XP level 3. HP: 27/33 MP: 2/2
   835 | D:2      | Reached ** piety under Trog
  1515 | D:3      | Reached XP level 4. HP: 37/40 MP: 3/3
  1565 | D:3      | Reached skill level 1 in Throwing
  1581 | D:3      | Reached skill level 5 in Axes
  1581 | D:3      | Reached XP level 5. HP: 12/47 MP: 4/4
  2250 | D:3      | You fall through a shaft!
  2290 | D:4      | Found a stormy altar of Qazlal.
  2348 | D:4      | Reached *** piety under Trog
  2668 | D:4      | Reached XP level 6. HP: 53/55 MP: 5/5
  2801 | D:4      | Reached skill level 5 in Fighting
  2845 | D:4      | Found a basalt altar of Yredelemnul.
  3269 | D:4      | Noticed a sky beast
  3279 | D:4      | Killed a sky beast
  3279 | D:4      | Reached skill level 6 in Axes
  3279 | D:4      | Reached XP level 7. HP: 51/61 MP: 6/6
  3390 | D:5      | Entered Level 5 of the Dungeon
  3470 | D:5      | Found an opulent altar of Gozag.
  4294 | D:6      | You fall through a shaft for 3 floors!
  4327 | D:9      | Noticed Erica
  4355 | D:9      | Killed Erica
  4355 | D:9      | Reached skill level 7 in Axes
  4355 | D:9      | Reached skill level 5 in Armour
  4355 | D:9      | Reached XP level 8. HP: 43/73 MP: 7/7
  4383 | D:9      | Noticed a centaur warrior
  4388 | D:9      | Noticed a centaur warrior
  4389 | D:9      | Reached skill level 8 in Axes
  4400 | D:9      | Reached skill level 5 in Dodging
  4403 | D:9      | Reached XP level 9. HP: 43/82 MP: 8/8
  4413 | D:9      | Killed a centaur warrior
  4413 | D:9      | Reached skill level 9 in Axes
  4420 | D:9      | Killed a centaur warrior
  4420 | D:9      | Reached skill level 5 in Throwing
  4636 | D:9      | Noticed a cyclops
  4663 | D:8      | Reached XP level 10. HP: 69/93 MP: 9/9
  4665 | D:8      | Got a fine war axe
  4666 | D:8      | Identified the +12 war axe "Ompicunn" {freeze, MP+9 Str-5 Int+4} (You found it on level 8 of the Dungeon)
  4714 | D:8      | Reached **** piety under Trog
  4714 | D:8      | Reached skill level 10 in Axes
  4724 | D:8      | Noticed konakona's ghost (novice OgBe)
  4735 | D:8      | Killed konakona's ghost
  4735 | D:8      | Reached skill level 10 in Fighting
  4947 | D:8      | Found a sacrificial altar of Ru.
  5244 | D:8      | Found a blossoming altar of Fedhas.
  5248 | D:8      | Received a gift from Trog
  5726 | D:7      | Found a staircase to the Ecumenical Temple.
  6747 | D:7      | Found an ancient bone altar of Kikubaaqudgha.
  6748 | D:7      | Found a burning altar of Makhleb.
  6867 | D:7      | Reached skill level 11 in Axes
  6989 | D:7      | Found an iron altar of Okawaru.
  7054 | Temple   | Entered the Ecumenical Temple
  7071 | Temple   | Identified a scroll of acquirement
  7145 | D:9      | Killed a cyclops
  7146 | D:9      | Found a large runed door.
  7147 | D:9      | Found a large runed door.
  7419 | D:9      | Reached ***** piety under Trog
  7781 | D:9      | Found Cesygub's General Store.
  7834 | D:9      | Found a deep blue altar of Sif Muna.
  7834 | D:9      | Found a shadowy altar of Dithmenos.
  7998 | D:9      | Reached skill level 1 in Shields
  8201 | D:9      | Found a glowing silver altar of Zin.
  8201 | D:9      | Noticed an orc knight
  8208 | D:9      | Killed an orc knight
  8208 | D:9      | Reached XP level 11. HP: 69/102 MP: 10/10
  8332 | D:9      | Found a glowing golden altar of the Shining One.
  8332 | D:9      | Noticed a deep elf mage
  8345 | D:9      | Killed a deep elf mage
  8369 | D:10     | Entered Level 10 of the Dungeon
  8375 | D:10     | Received a gift from Trog
  8421 | D:10     | Killed an unseen horror
  8421 | D:10     | Reached skill level 5 in Shields
  8885 | D:10     | Noticed a hill giant
  8886 | D:10     | Found a staircase to the Lair.
  8897 | D:10     | Killed a hill giant
  9194 | D:10     | Noticed a hill giant
  9203 | D:10     | Killed a hill giant
  9360 | D:11     | Noticed a centaur warrior
  9371 | D:11     | Killed a centaur warrior
  9561 | D:11     | Found a staircase to the Orcish Mines.
  9578 | D:11     | Received a gift from Trog
  9710 | D:11     | Found a portal to a secret trove of treasure.
  9989 | D:11     | Noticed a hill giant
  9995 | D:11     | Killed a hill giant
 10058 | D:11     | Received a gift from Trog
 10068 | D:11     | Reached skill level 10 in Shields
 10277 | D:11     | Noticed a hill giant
 10286 | D:11     | Killed a hill giant
 10499 | D:11     | Reached XP level 12. HP: 95/110 MP: 11/11
 10538 | D:11     | Found Lotrehom's Food Emporium.
 10719 | Lair:1   | Entered Level 1 of the Lair of Beasts
 10830 | Lair:1   | Received a gift from Trog
 10913 | Lair:1   | Reached skill level 12 in Axes
 10974 | Lair:1   | Noticed Fannar
 10992 | Lair:1   | Killed Fannar
 11024 | Lair:1   | Received a gift from Trog
 11561 | Lair:1   | Noticed a four-headed hydra
 11566 | Lair:1   | Killed a four-headed hydra
 12591 | Lair:3   | Noticed Sonja
 12597 | Lair:3   | Killed Sonja
 12633 | Lair:3   | Reached skill level 13 in Axes
 12652 | Lair:3   | Noticed an eight-headed hydra
 12658 | Lair:3   | Killed a ten-headed hydra
 12796 | Lair:3   | Received a gift from Trog
 12797 | Lair:3   | Reached XP level 13. HP: 106/119 MP: 12/12
 12878 | Lair:3   | Found a hole to the Spider Nest.
 13645 | Lair:4   | Received a gift from Trog
 13714 | Lair:4   | Reached skill level 10 in Armour
 13774 | Lair:4   | Reached ****** piety under Trog
 13774 | Lair:4   | Received a gift from Trog
 14090 | Lair:4   | Found a staircase to the Shoals.
 14099 | Lair:4   | Received a gift from Trog
 14860 | Lair:5   | Received a gift from Trog
 15181 | Lair:5   | Reached skill level 14 in Axes
 15669 | Lair:6   | Received a gift from Trog
 15811 | Lair:6   | Reached XP level 14. HP: 122/129 MP: 13/13
 16394 | Lair:7   | Received a gift from Trog
 16838 | Lair:7   | Received a gift from Trog
 17011 | Lair:8   | Entered Level 8 of the Lair of Beasts
 17067 | Lair:8   | Found a viscous altar of Jiyva.
 17068 | Lair:8   | Found a staircase to the Slime Pits.
 17191 | Lair:8   | Received a gift from Trog
 17199 | Lair:8   | Reached skill level 10 in Dodging
 17200 | Lair:8   | Reached skill level 15 in Axes
 17203 | Lair:8   | Received a gift from Trog
 17215 | Lair:8   | Noticed Snorg
 17397 | Lair:8   | Killed Snorg
 17400 | Lair:8   | Received a gift from Trog
 17418 | Lair:8   | Received a gift from Trog
 17690 | Lair:8   | Found a runed door.
 17791 | Lair:8   | Reached XP level 15. HP: 105/139 MP: 14/14
 18484 | Lair:8   | Received a gift from Trog
 18840 | Orc:1    | Entered Level 1 of the Orcish Mines
 19083 | Orc:2    | Entered Level 2 of the Orcish Mines
 19208 | Orc:2    | Received a gift from Trog
 19221 | Orc:2    | Reached skill level 15 in Fighting
 19362 | Orc:2    | Found Herph's Weapon Emporium.
 19364 | Orc:2    | Received a gift from Trog
 19379 | Orc:2    | Found Lopoes's Food Shop.
 19561 | Orc:2    | Found a staircase to the Elven Halls.
 19658 | Orc:2    | Found Woep's Weapon Emporium.
 19658 | Orc:2    | Found Suxkioti's Food Shop.
 20034 | Orc:2    | Received a gift from Trog
 20131 | Orc:2    | Found a roughly hewn altar of Beogh.
 20390 | Orc:1    | Found Nonoh's General Store.
 20423 | Orc:1    | Received a gift from Trog
 20694 | D:12     | Reached skill level 16 in Axes
 21646 | D:13     | Found Cinoumull's Gadget Emporium.
 22064 | D:14     | Noticed Agnes
 22072 | D:14     | Killed Agnes
 22085 | D:14     | Found a snail-covered altar of Cheibriados.
 22357 | D:14     | Received a gift from Trog
 22366 | D:14     | Reached skill level 15 in Shields
 22448 | D:14     | Found a gate to the Vaults.
 22522 | D:14     | Reached skill level 10 in Throwing
 22916 | D:15     | Entered Level 15 of the Dungeon
 22930 | D:15     | Reached XP level 16. HP: 118/151 MP: 15/15
 23088 | D:15     | Received a gift from Trog
 23242 | D:15     | Found a staircase to the Depths.
 23660 | D:15     | Found a sacrificial altar of Ru.
 23775 | D:15     | Found a blossoming altar of Fedhas.
 24071 | Spider:1 | Entered Level 1 of the Spider Nest
 24207 | Spider:1 | Received a gift from Trog
 24433 | Spider:1 | Received a gift from Trog
 24494 | Spider:1 | Noticed Donald
 24507 | Spider:1 | Killed Donald
 24507 | Spider:1 | Reached skill level 17 in Axes
 25407 | Spider:2 | Noticed Azrael
 25416 | Spider:2 | Killed Azrael
 25774 | Spider:2 | Noticed Frances
 25786 | Spider:2 | Killed Frances
 25926 | Spider:3 | Upgraded the game from 0.18-b1-2-gd0c887e to 0.18-b1-10-g3f7de93
 25934 | Spider:3 | Received a gift from Trog
 26064 | Spider:3 | Noticed Arachne
 26098 | Spider:3 | Killed Arachne
 26098 | Spider:3 | Reached XP level 17. HP: 84/160 MP: 15/16
 26557 | Spider:3 | Received a gift from Trog
 26588 | Spider:4 | Entered Level 4 of the Spider Nest
 26642 | Spider:4 | Noticed Kirke
 26649 | Spider:4 | Killed Kirke
 26649 | Spider:4 | Received a gift from Trog
 26663 | Spider:4 | Noticed Norris
 26682 | Spider:4 | Killed Norris
 26994 | Spider:4 | Reached skill level 18 in Axes
 27001 | Spider:4 | Noticed Mara
 27015 | Spider:4 | Noticed shmeve's illusion
 27025 | Spider:4 | HP: 7/241 [Mara/demon whip of pain (13)]
 27025 | Spider:4 | Slain by Mara

Skill      XL: |  1  2  3  4  5  6  7  8  9 10 11 12 13 14 15 16 17 |
---------------+----------------------------------------------------+-----
Axes           | 4 5 6 7 8 9 11 13 14 15 16 17 18 | 18.0
Fighting       | 4 5 7 8 9 11 12 13 14 15 16 17 | 17.2
Armour         | 3 4 5 7 8 9 10 11 12 13 | 13.2
Throwing       | 1 2 3 4 5 6 7 8 9 10 11 | 11.1
Dodging        | 3 4 5 6 7 8 9 10 11 | 11.9
Shields        | 2 10 11 12 14 15 16 | 16.9

Action                   |  1- 3 |  4- 6 |  7- 9 | 10-12 | 13-15 | 16-18 || total
-------------------------+-------+-------+-------+-------+-------+-------++-------
Melee: Hand axe          |    67 |   124 |   113 |       |       |       ||   304
       Headbutt          |     8 |    29 |    40 |    72 |   208 |   169 ||   526
       War axe           |       |       |       |   485 |  1010 |   513 ||  2008
Throw: Javelin           |       |       |       |     7 |    50 |    41 ||    98
Invok: Trog's Hand       |       |     1 |     1 |     8 |     4 |       ||    14
       Berserk           |       |       |     2 |     4 |     4 |     1 ||    11
       Burn Spellbooks   |       |       |       |     6 |       |       ||     6
       Brothers in Arms  |       |       |       |       |     1 |       ||     1
  Use: Scroll            |       |       |       |    26 |    10 |       ||    36
       Potion            |       |       |       |       |       |     5 ||     5
 Stab: Confused          |       |       |       |       |     1 |       ||     1
  Eat: Chunk             |     2 |     6 |     5 |    17 |    32 |     4 ||    66
       Pizza             |       |       |     1 |       |       |       ||     1
       Fruit             |       |       |       |    16 |     7 |    12 ||    35
       Beef jerky        |       |       |       |     1 |       |       ||     1
Armor: Animal skin       |     4 |       |       |       |       |       ||     4
       Chain mail        |    21 |    83 |    45 |    40 |       |       ||   189
       Crystal plate arm |       |       |       |   265 |   538 |   303 ||  1106
Dodge: Dodged            |    47 |    61 |    43 |   114 |   248 |   149 ||   662
Block: Other             |       |       |       |    15 |       |       ||    15
       Reflection        |       |       |       |     8 |    21 |    21 ||    50
       Buckler           |       |       |       |   122 |   441 |       ||   563
       Shield            |       |       |       |       |    50 |   412 ||   462
